 Dungeon Crawl Stone Soup version 0.29.1-12-g30fa7ad0bf (webtiles) character file.

Game seed: 16213447812086897348

527 FaviusArthum the Grave Robber (level 7, -11/36 HPs)
             Began as a Deep Elf Necromancer on Dec 30, 2022.
             Was an Initiate of Sif Muna.
             Mangled by a gnoll sergeant
             ... wielding a +2 spear of venom
              (13 damage)
             ... on level 5 of the Dungeon on Jan 1, 2023.
             The game lasted 00:45:57 (6415 turns).

FaviusArthum the Grave Robber (DENe)                Turns: 6415, Time: 00:45:58

Health: -11/36     AC:  3    Str:  5    XL:     7   Next: 2%
Magic:  10/19      EV: 13    Int: 22    God:    Sif Muna [......]
Gold:   297        SH:  0    Dex: 15    Spells: 4/19 levels left

rFire   . . .      SeeInvis .   I - +0 trident
rCold   . . .      Faith    .   (no shield)
rNeg    . . .      Spirit   .   a - +0 robe
rPois   .          Reflect  .   (no helmet)
rElec   .          Harm     .   (no cloak)
rCorr   .          Rampage  .   m - +0 pair of gloves
Will    .....                   (no boots)
Stlth   ++........              (no amulet)
HPRegen 0.12/turn               (no ring)
MPRegen 0.16/turn               (no ring)

@: lethally poisoned (-11 -> -36)
A: no striking features
a: Renounce Religion


You were on level 5 of the Dungeon.
You worshipped Sif Muna.
Sif Muna was noncommittal.
You visited 1 branch of the dungeon, and saw 5 of its levels.

You collected 319 gold pieces.
You spent 22 gold pieces at shops.

Inventory:

Hand Weapons
 d - a +0 whip
 g - a +1 whip of draining
 n - a +0 club
 o - a +0 short sword
 q - the +7 dagger "Concordance" {flame, rCorr Str+2 Int+4 Dex-2}
   (You found it on level 2 of the Dungeon)

   It burns those it strikes, dealing additional fire damage.
   Str:       It affects your strength (+2).
   Int:       It affects your intelligence (+4).
   Dex:       It affects your dexterity (-2).
   rCorr:     It protects you from acid and corrosion.
 t - a +2 mace of protection
 y - a +0 flail
 I - a +0 trident (weapon)
Missiles
 e - 54 stones
Armour
 a - a +0 robe (worn)
 m - a +0 pair of gloves (worn)
 r - an orb of mayhem
 w - a +0 plate armour
 x - a +0 chain mail
 B - the +1 leather armour "Qejaric" {Harm}
   (You found it on level 3 of the Dungeon)

   Harm:      It increases damage dealt and taken.
Wands
 G - a wand of flame (4)
Scrolls
 c - 5 scrolls of poison {unknown}
 h - a scroll of immolation {unknown}
 k - a scroll of noise
 l - 2 scrolls of teleportation {unknown}
 u - a scroll of fear {unknown}
 v - a scroll of silence {unknown}
 z - a scroll of torment {unknown}
 D - a scroll of enchant armour {unknown}
 E - 3 scrolls of vulnerability {unknown}
 F - 2 scrolls of identify
Potions
 b - a potion of magic
 f - 2 potions of attraction {unknown}
 i - 2 potions of degeneration {unknown}
 j - a potion of resistance {unknown}
 p - a potion of lignification {unknown}
 s - 2 potions of heal wounds {unknown}
 A - a potion of curing {unknown}
 C - a potion of might {unknown}
 H - a potion of brilliance {unknown}


   Skills:
 + Level 0.2 Fighting
 + Level 0.2 Short Blades
 + Level 0.8 Maces & Flails
 + Level 0.1 Throwing
 + Level 3.2 Dodging
 + Level 3.4 Stealth
 + Level 6.8 Spellcasting
 + Level 7.3 Necromancy
 + Level 0.2 Air Magic


You had 4 spell levels left.
You knew the following spells:

 Your Spells              Type           Power      Damage    Failure   Level
a - Necrotise             Necr           100%       1d9       1%          1
b - Vampiric Draining     Necr           39%        2d8       1%          3
c - Agony                 Necr           39%        N/A       11%         5
d - Shock                 Conj/Air       32%        1d5       8%          1
e - Lee's Rapid Deconstr  Erth           3%         3d6*      93%         5

Your spell library contained the following spells:

 Spells                   Type           Power      Damage    Failure   Level
 Animate Dead             Necr           39%        N/A       4%          4
 Passwall                 Tmut/Erth      5%         N/A       13%         2
 Borgnjor's Vile Clutch   Necr/Erth      11%        N/A       45%         5
 Freezing Cloud           Conj/Ice/Air   3%         6-21      92%         5
 Conjure Ball Lightning   Conj/Air       4%         3x3d6     100%        6


Dungeon Overview and Level Annotations

Branches:
Dungeon (5/15)
 Temple: D:4-7

Altars:
Elyvilon
Sif Muna

Shops:
D:1 :   D:2 [   D:3 :*?


Message History

The gnoll sergeant writhes in agony.
Casting: Necrotise (safe; 1% risk of failure)
Confirm with . or Enter, or press ? or * to list all spells.
Aiming: Necrotise (safe; 1% risk of failure)
Press: ? - help, Shift-Dir - straight line, f/p - gnoll
Aim: a gnoll, wielding a +0 halberd (moderately wounded, chance to affect: 88%)
The gnoll writhes in agony!
The gnoll barely misses you.
Casting: Necrotise (safe; 1% risk of failure)
Confirm with . or Enter, or press ? or * to list all spells.
Aiming: Necrotise (safe; 1% risk of failure)
Press: ? - help, Shift-Dir - straight line, f/p - gnoll
Aim: a gnoll, wielding a +0 halberd (moderately wounded, chance to affect: 88%)
The gnoll writhes in agony.
The gnoll sergeant hits you from afar with a +2 spear of venom.
You are poisoned.
Casting: Necrotise (safe; 1% risk of failure)
Confirm with . or Enter, or press ? or * to list all spells.
Aiming: Necrotise (safe; 1% risk of failure)
Press: ? - help, Shift-Dir - straight line, f - gnoll, p - gnoll
Aim: a gnoll, wielding a +0 whip (almost dead, chance to affect: 88%)
The gnoll writhes in agony.
You kill the gnoll!
Sif Muna accepts your kill.
The dead are walking!
You feel very sick. The gnoll closely misses you.
The gnoll sergeant hits you from afar with a +2 spear of venom!
You are lethally poisoned!
Casting: Necrotise (safe; 1% risk of failure)
Confirm with . or Enter, or press ? or * to list all spells.
Aiming: Necrotise (safe; 1% risk of failure)
Press: ? - help, Shift-Dir - straight line, f - gnoll sergeant
Aim: a gnoll sergeant, wielding a +2 spear of venom and wearing a +0 scale mail (chance to affect: 83%)
The gnoll sergeant writhes in agony.
* * * LOW HITPOINT WARNING * * *
You feel very sick.
The gnoll hits you from afar with a +0 halberd!
* * * LOW HITPOINT WARNING * * *
The gnoll sergeant hits you from afar with a +2 spear of venom!
You die...

#.# .# #....# .....
..# #.#.# ... #gg.#
.... #gg# .....
...#####.######.....
........@).....)....
...........Z........
.......##....##.....
.... .......
####.......> #...
.......
#.....##....#...
.......
#..#####.#.>#...
####### ##.##
#.#......
##############..#
#.#......
##..........#....#
#....#...


You could see a gnoll sergeant (ally target), 3 gnolls and a friendly gnoll
skeleton.

Vanquished Creatures
  A black bear (D:4)
  An ogre (D:4)
  A hound (D:4)
  2 orc priests (D:3)
  2 iguanas (D:4)
  An orc wizard (D:3)
  7 adders
  2 gnolls (D:5)
  3 ufetubi (D:4)
  3 worms
  2 dart slugs
  12 orcs
  5 bats
  5 endoplasms
  A giant cockroach (D:2)
  7 hobgoblins
  4 kobolds
  2 quokkas
  6 ball pythons
  A frilled lizard (D:3)
  2 rats
70 creatures vanquished.

Vanquished Creatures (collateral kills)
  A dart slug (D:4)
  An orc (D:4)
  A kobold (D:2)
3 creatures vanquished.

Vanquished Creatures (others)
  A plant (D:4)
1 creature vanquished.

Grand Total: 74 creatures vanquished

Notes
Turn   | Place    | Note
-------+----------+-------------------------------------------
     0 | D:1      | FaviusArthum the Deep Elf Necromancer began the quest for
                  | the Orb.
     0 | D:1      | Reached XP level 1. HP: 10/10 MP: 6/6
    52 | D:1      | Reached skill level 5 in Necromancy
   261 | D:1      | Found Xinothe's Book Boutique.
   342 | D:1      | Reached XP level 2. HP: 15/15 MP: 6/8
   769 | D:2      | Reached XP level 3. HP: 19/19 MP: 7/10
   773 | D:2      | Learned a level 3 spell: Vampiric Draining
  1356 | D:2      | Reached XP level 4. HP: 16/24 MP: 10/12
  1910 | D:2      | Identified the +7 dagger "Concordance" {flame, rCorr Str+2
                  | Int+4 Dex-2}
  2003 | D:2      | Reached skill level 6 in Necromancy
  2363 | D:2      | Found Suecsese's Armour Emporium.
  2601 | D:3      | Found a white marble altar of Elyvilon.
  2865 | D:3      | Found a faded altar of an unknown god.
  4084 | D:3      | Reached skill level 5 in Spellcasting
  4084 | D:3      | Reached XP level 5. HP: 27/28 MP: 9/14
  4128 | D:3      | Learned a level 5 spell: Agony
  4384 | D:3      | Identified the +1 leather armour "Qejaric" {Harm}
  4391 | D:3      | Found Enkoijo's Magic Scroll Boutique.
  4495 | D:3      | Bought a scroll of identify for 22 gold pieces
  4502 | D:3      | Identified a scroll of acquirement
  4518 | D:3      | Acquired the Catalogue of the Arcane
  4527 | D:3      | Learned a level 1 spell: Shock
  4606 | D:3      | Found Pasku's Book Emporium.
  4632 | D:3      | Found Quch's Assorted Antiques.
  4896 | D:3      | Identified the +6 dagger "Viubled" {speed, rPois Will+
                  | Stlth+}
  5413 | D:4      | Identified the +0 leather armour of the Devil's Team {Drain
                  | rN+ MP+9}
  5504 | D:4      | Noticed an ogre
  5513 | D:4      | Killed an ogre
  5514 | D:4      | Reached XP level 6. HP: 32/32 MP: 5/17
  5662 | D:4      | Reached skill level 7 in Necromancy
  5739 | D:4      | Learned a level 5 spell: Lee's Rapid Deconstruction
  6058 | D:4      | Found a shimmering blue altar of Sif Muna.
  6064 | D:4      | Became a worshipper of Sif Muna the Loreminder
  6291 | D:5      | Entered Level 5 of the Dungeon
  6411 | D:5      | Reached XP level 7. HP: 36/36 MP: 14/19
  6415 | D:5      | Mangled by a gnoll sergeant

Illustrated notes

Levels and vault maps discovered:
D:1:      giann_forest_graveyard, layout_rooms, serial_shops,
          nicolae_shop_advertising_works [nicolae_subvault_shop_adworks]
D:2:      layout_loops_cross, serial_shops, nicolae_shop_behind_doors
D:3:      layout_loops_ring, mainiacjoe_overflow_brackets, serial_shops,
          nicolae_shop_stone, nicolae_shop_crystal, shop,
          shapermc_ecumenical_altar_mp_highgroup, columned_hall_lemuel,
          kennysheep_orc_chapel
D:4:      layout_rooms, led_sif_pool, serial_bayou_pond_e
D:5:      layout_rooms, kennysheep_crisscross, minmay_chambers_of_fives

Skill      XL: |  1  2  3  4  5  6 |
---------------+-------------------+-----
Necromancy     | 5 6 7 |  7.3
Spellcasting   | 4 5 6 |  6.8
Stealth        | 3 |  3.4
Dodging        | 3 |  3.2
Fighting       | |  0.2
Short Blades   | |  0.2
Maces & Flails | |  0.8
Throwing       | |  0.1
Air Magic      | |  0.2

Action                   |  1- 3 |  4- 6 |  7- 9 || total
-------------------------+-------+-------+-------++-------
Melee: Whip              |    17 |    23 |       ||    40
       Short sword       |    14 |       |       ||    14
       Dagger            |       |     8 |       ||     8
Throw: Stone             |       |     2 |       ||     2
 Cast: Necrotise         |    26 |    85 |     5 ||   116
       Vampiric Draining |     4 |     6 |       ||    10
       Shock             |       |    14 |       ||    14
  Use: Scroll            |       |     3 |       ||     3
Armor: Robe              |    11 |    19 |       ||    30
Dodge: Dodged            |    30 |    38 |     2 ||    70
